 Dungeon Crawl Stone Soup version 0.29.0-11-gd7f09526c8 (webtiles) character file.

Game seed: 7134137699815923479

779 Flugkiller the Chopper (level 7, -4/62 HPs)
             Began as a Minotaur Fighter on Sept 3, 2022.
             Was a Follower of Okawaru.
             Slain by a gnoll
             ... wielding a +0 club
             ... led by a gnoll bouda
              (7 damage)
             ... on level 5 of the Dungeon.
             The game lasted 00:01:54 (3747 turns).

Flugkiller the Chopper (Minotaur Fighter)           Turns: 3747, Time: 00:01:55

Health: -4/62      AC: 12    Str: 20    XL:     7   Next: 54%
Magic:  7/7        EV:  9    Int:  5    God:    Okawaru [*.....]
Gold:   215        SH:  4    Dex: 12    Spells: 6/6 levels left

rFire   . . .      SeeInvis .   a - +0 war axe
rCold   + . .      Faith    .   c - +0 buckler
rNeg    . . .      Spirit   .   o - +2 scale mail {rC+}
rPois   .          Reflect  .   (helmet restricted)
rElec   .          Harm     .   (no cloak)
rCorr   .          Rampage  .   l - +0 pair of gloves
Will    .....                   h - +0 pair of boots
Stlth   ..........              (no amulet)
HPRegen 0.20/turn               (no ring)
MPRegen 0.10/turn               (no ring)

@: about to teleport, weakened
A: horns 2, retaliatory headbutt
a: Renounce Religion, Heroism


You were on level 5 of the Dungeon.
You worshipped Okawaru.
Okawaru was aware of your devotion.
You visited 1 branch of the dungeon, and saw 5 of its levels.

You collected 245 gold pieces.
You spent 30 gold pieces at shops.

Inventory:

Hand Weapons
 a - a +0 war axe (weapon)
Missiles
 n - 2 throwing nets (quivered)
 s - a boomerang
Armour
 c - a +0 buckler (worn)
 h - a +0 pair of boots (worn)
   (You found it on level 1 of the Dungeon)
 l - a +0 pair of gloves (worn)
   (You found it on level 1 of the Dungeon)
 o - a +2 scale mail of cold resistance (worn)
   (You took it off Terence on level 3 of the Dungeon)
Wands
 g - a wand of digging (4)
   (You found it on level 4 of the Dungeon)
 k - a wand of quicksilver (8)
   (You found it on level 4 of the Dungeon)
Scrolls
 e - 2 scrolls of vulnerability
 j - 2 scrolls of summoning {unknown}
Potions
 b - a potion of invisibility {unknown}
 d - a potion of might
 f - a potion of curing {unknown}
 i - 2 potions of brilliance {unknown}
 m - 3 potions of haste {unknown}
 p - a potion of flight {unknown}
 q - a potion of magic {unknown}
 r - a potion of lignification {unknown}


   Skills:
 + Level 5.8 Fighting
 * Level 7.0 Axes
 + Level 5.8 Armour
 - Level 3.6 Shields
 + Level 2.1 Invocations
 + Level 1.8 Evocations


You had 6 spell levels left.
You didn't know any spells.
Your spell library was empty.

Dungeon Overview and Level Annotations

Branches:
Dungeon (5/15)
 Temple: D:4-7

Altars:
Hepliaklqana
Okawaru
Ru

Shops:
D:1 (*([   D:3 *


Innate Abilities, Weirdness & Mutations

You have a pair of horns on your head.
You reflexively headbutt those who attack you in melee.


Message History

You hit the gnoll.
You kill the gnoll!
Okawaru accepts your kill.
You hit the gnoll bouda but do no damage.
Your attacks no longer feel as feeble.
The gnoll bouda hits you with a +0 club.
You slash the gnoll bouda!
The gnoll bouda is severely wounded.
The gnoll bouda hits you with a +0 club!
You hit the gnoll bouda.
The gnoll bouda is almost dead.
You block the gnoll bouda's attack. The ogre completely misses you.
You furiously retaliate!
You headbutt the ogre!
You hit the gnoll bouda but do no damage.
The gnoll bouda is almost dead.
You slash the ogre!
The gnoll bouda hits you but does no damage.
You hit the gnoll bouda but do no damage.
The gnoll bouda is almost dead.
You slash the ogre!
You kill the ogre!
Okawaru accepts your kill. You block the gnoll bouda's attack.
The gnoll bouda gazes fiercely through you!
You feel your attacks grow feeble. The gnoll bouda closely misses you.
Your Invocations skill increases to level 2!
You hit the gnoll bouda but do no damage.
You headbutt the gnoll bouda.
You kill the gnoll bouda!
Okawaru accepts your kill.
Your Axes skill increases to level 7!
No target in view!
No target in view!
No target in view!
No target in view!
No target in view!
No target in view!
No target in view!
No target in view!
No target in view!
Things that are here:
a +0 club; a +0 leather armour; a gnoll corpse Your attacks no longer feel as feeble.
A gnoll bouda comes into view. It is wielding a +0 whip.
A gnoll bouda is nearby!
A gnoll bouda is nearby!
The gnoll bouda shouts!
The gnoll bouda gazes fiercely through you!
You feel your attacks grow feeble.
A gnoll comes into view. It is wielding a +0 club.
A gnoll comes into view. It is wielding a +3 halberd.
The gnoll bouda gazes fiercely through you!
You feel as though you will be weak longer.
You barely miss the gnoll bouda.
The gnoll bouda gazes fiercely through you!
You feel as though you will be weak longer.
The gnoll bouda hits you with a +0 whip.
You hit the gnoll bouda.
The gnoll bouda is lightly wounded.
The gnoll bouda hits you with a +0 whip.
You hit the gnoll bouda but do no damage.
The gnoll bouda is lightly wounded.
The gnoll bouda barks out a call to the hunt!
The gnolls pick up the pace!
You hit the gnoll bouda.
The gnoll bouda is moderately wounded.
The gnoll bouda completely misses you. The gnoll bouda barely misses you.
You hit the gnoll bouda. You headbutt the gnoll bouda.
The gnoll bouda is severely wounded.
You hit the gnoll but do no damage. The gnoll hits you but does no damage.
The gnoll bouda barely misses you. The gnoll closely misses you.
The gnoll hits you but does no damage.
You barely miss the gnoll bouda.
The gnoll bouda is severely wounded.
You hit the gnoll.
The gnoll bouda hits you with a +0 whip.
The gnoll hits you from afar with a +3 halberd!
The gnoll hits you but does no damage.
There are monsters nearby!
There are monsters nearby!
You closely miss the gnoll bouda. Your headbutt misses the gnoll bouda.
The gnoll bouda is heavily wounded.
You hit the gnoll but do no damage.
The gnoll bouda hits you but does no damage.
The gnoll hits you from afar with a +3 halberd!
* * * LOW HITPOINT WARNING * * *
The gnoll hits you with a +0 club.
* * * LOW HITPOINT WARNING * * *
You are too injured to fight recklessly!
You are too injured to fight recklessly!
Okay, then.
As you read the scroll of teleportation, it crumbles to dust.
You feel strangely unstable.
The gnoll bouda hits you with a +0 whip!
* * * LOW HITPOINT WARNING * * *
The gnoll hits you from afar with a +3 halberd.
* * * LOW HITPOINT WARNING * * *
The gnoll hits you with a +0 club!
You die...

..........
###.........
#...........
#..........#
#......P...#
#..P.g.....#
#...g......#
##...@g.....#
#.)......P.##
##.)........#
####.#)........#
#...###.......##
##..# #########
#..# #..###
##...##


You could see a gnoll bouda and 2 gnolls.

Vanquished Creatures
  A black bear (D:4)
  An ogre (D:5)
  2 phantoms
  2 scorpions (D:4)
  3 hounds (D:5)
  A gnoll bouda (D:5)
  Terence (D:3)
  An orc wizard (D:4)
  Robin (D:4)
  6 adders
  A gnoll (D:5)
  A worm (D:2)
  8 orcs
  4 bats
  2 endoplasms
  A giant cockroach (D:4)
  14 goblins
  7 hobgoblins
  3 jackals (D:3)
  11 kobolds
  5 quokkas
  9 ball pythons
  4 frilled lizards
  7 rats
96 creatures vanquished.

Vanquished Creatures (others)
  22 plants (D:5)
22 creatures vanquished.

Grand Total: 118 creatures vanquished

Notes
Turn   | Place    | Note
-------+----------+-------------------------------------------
     0 | D:1      | Flugkiller the Minotaur Fighter began the quest for the
                  | Orb.
     0 | D:1      | Reached XP level 1. HP: 19/19 MP: 0/0
   283 | D:1      | Found a faded altar of an unknown god.
   299 | D:1      | Found Qolouq's Antique Weapon Shop.
   342 | D:1      | Found Kauhotae's Antique Weapon Shoppe.
   370 | D:1      | Found Keinuf's Armour Boutique.
   380 | D:1      | Found Kilo's Assorted Antiques.
   523 | D:1      | Reached skill level 3 in Axes
   523 | D:1      | Reached XP level 2. HP: 21/27 MP: 1/1
   877 | D:2      | Found a sacrificial altar of Ru.
   894 | D:2      | Reached XP level 3. HP: 28/33 MP: 2/2
  1751 | D:3      | Noticed Terence
  1765 | D:3      | Killed Terence
  1766 | D:3      | Reached skill level 4 in Axes
  1766 | D:3      | Reached XP level 4. HP: 14/41 MP: 3/3
  2139 | D:3      | Found Zaecas's General Store.
  2156 | D:3      | Bought a scroll of teleportation for 30 gold pieces
  2226 | D:3      | Noticed a phantom
  2238 | D:3      | Killed a phantom
  2239 | D:3      | Reached skill level 5 in Axes
  2239 | D:3      | Reached XP level 5. HP: 24/47 MP: 4/4
  2683 | D:4      | Found a hazy altar of Hepliaklqana.
  2753 | D:4      | Reached skill level 5 in Fighting
  2753 | D:4      | Reached skill level 5 in Armour
  2753 | D:4      | Reached XP level 6. HP: 56/56 MP: 5/5
  2764 | D:4      | Found an iron altar of Okawaru.
  2833 | D:4      | Became a worshipper of Warmaster Okawaru
  3059 | D:4      | Noticed Robin
  3061 | D:4      | Reached skill level 6 in Axes
  3064 | D:4      | Reached skill level 1 in Invocations
  3069 | D:4      | Killed Robin
  3070 | D:4      | Reached skill level 1 in Evocations
  3519 | D:5      | Entered Level 5 of the Dungeon
  3535 | D:5      | Reached XP level 7. HP: 56/61 MP: 7/7
  3723 | D:5      | Reached * piety under Okawaru
  3732 | D:5      | Reached skill level 7 in Axes
  3747 | D:5      | HP: 3/62 [gnoll/+3 halberd[a gnoll bouda] (4)]
  3747 | D:5      | Slain by a gnoll

Illustrated notes

Levels and vault maps discovered:
D:1:      dpeg_arrival_circle_labyrinth_c, layout_basic, serial_shops, shop,
          nicolae_square_shop, nicolae_shop_advertising_works
          [nicolae_subvault_shop_adworks], shop, shapermc_ecumenical_altar_venn,
          minmay_door_square
D:2:      layout_basic, basic_altar
D:3:      layout_rooms, serial_shops, shop_fountains, uniq_terence
D:4:      layout_loops_ring, amcnicky_altar_gilded,
          mainiacjoe_overflow_six_doors_small, minmay_quadrilaterals, uniq_robin
D:5:      layout_cave_pods, minmay_temple_entry_grid, nicolae_grassy_gnolls

Skill      XL: |  1  2  3  4  5  6  7 |
---------------+----------------------+-----
Axes           | 3 4 5 6 7 |  7.0
Fighting       | 4 5 |  5.8
Armour         | 4 5 |  5.8
Invocations    | 1 2 |  2.1
Evocations     | 1 |  1.8
Shields        | |  3.6

Action                   |  1- 3 |  4- 6 |  7- 9 || total
-------------------------+-------+-------+-------++-------
Melee: War axe           |    73 |   100 |    34 ||   207
       Headbutt          |    12 |    16 |     4 ||    32
  Use: Scroll            |       |     3 |     1 ||     4
       Potion            |       |     1 |       ||     1
Armor: Scale mail        |    30 |    72 |    22 ||   124
Dodge: Dodged            |    39 |    65 |    13 ||   117
Block: Buckler           |    10 |    26 |     5 ||    41
